 Dungeon Crawl Stone Soup version 0.22-a0-126-g307c7c3 (webtiles) character file.

46 Kidiri the Magician (level 3, -18/19 HPs)
             Began as a Deep Elf Fire Elementalist on Jan 28, 2018.
             Demolished by tof's ghost (20 damage)
             ... on level 3 of the Dungeon on Jan 30, 2018.
             The game lasted 00:07:17 (2637 turns).

Kidiri the Magician (Deep Elf Fire Elementalist)    Turns: 2637, Time: 00:07:18

Health: -18/19     AC:  1    Str:  5    XL:     3   Next: 46%
Magic:  2/10       EV: 13    Int: 20    God:
Gold:   112        SH:  0    Dex: 15    Spells: 1/10 levels left

rFire    . . .     SeeInvis .   g - +0 dagger
rCold    . . .     Gourm    .   (no shield)
rNeg     . . .     Faith    .   a - +0 robe
rPois    .         Spirit   .   f - +2 helmet
rElec    .         Reflect  .   (no cloak)
rCorr    .         Harm     .   (no gloves)
MR       .....                  (no boots)
Stlth    ++........             (no amulet)
HPRegen  0.06/turn              d - -4 ring of protection (curse)
MPRegen  0.12/turn              k - +2 ring of slaying

@: hasted, very quick
A: no striking features
a: no special abilities


You were on level 3 of the Dungeon.
You were hungry.

You visited 1 branch of the dungeon, and saw 3 of its levels.

You collected 112 gold pieces.

Inventory:

Hand Weapons
 g - a +0 dagger (weapon)
Armour
 a - a +0 robe (worn)
 f - a +2 helmet (worn)
Jewellery
 d - a cursed -4 ring of protection (left hand)
 k - a +2 ring of slaying (right hand)
Scrolls
 e - 2 scrolls of blinking {unknown}
 j - a scroll of fear
Potions
 h - a potion of agility
 i - a potion of haste
Books
 b - a book of Flames

   Spells                             Type                      Level
   a - Flame Tongue                   Conjuration/Fire             1
   b - Throw Flame                    Conjuration/Fire             2
   c - Conjure Flame                  Conjuration/Fire             3
   d - Inner Flame                    Hexes/Fire                   3
   e - Sticky Flame                   Conjuration/Fire             4
   f - Fireball                       Conjuration/Fire             5
Comestibles
 c - 9 rations


   Skills:
 - Level 2.4 Dodging
 - Level 2.4 Stealth
 * Level 4.3 Spellcasting
 + Level 2.0 Conjurations
 + Level 3.7 Fire Magic


You had one spell level left.
You knew the following spells:

 Your Spells              Type           Power        Failure   Level  Hunger
a - Flame Tongue          Conj/Fire      ###..        3%          1    None
b - Throw Flame           Conj/Fire      ###...       5%          2    #......
c - Conjure Flame         Conj/Fire      ###.....     11%         3    ###....
d - Inner Flame           Hex/Fire       ##......     17%         3    ###....


Dungeon Overview and Level Annotations

Branches:
Dungeon (3/15)

Altars:

Annotations:
D:3 Grinder; tof's ghost, amateur MiFi


Message History

Casting: Flame Tongue (safe; 3% risk of failure)
Confirm with . or Enter, or press ? or * to list all spells.
Aiming: Flame Tongue (safe; 3% risk of failure)
Press: ? - help, Shift-Dir - straight line, f/p - tof's ghost
Aim: tof's ghost (heavily damaged)
The flame tongue hits tof's ghost.
Tof's ghost appears unharmed.
Tof's ghost is heavily damaged.
Casting: Flame Tongue (safe; 3% risk of failure)
Confirm with . or Enter, or press ? or * to list all spells.
Aiming: Flame Tongue (safe; 3% risk of failure)
Press: ? - help, Shift-Dir - straight line, f/p - tof's ghost
Aim: tof's ghost (heavily damaged)
The flame tongue hits tof's ghost.
Tof's ghost is severely damaged.
Tof's ghost hits you!
Ouch! That really hurt!
* * * LOW HITPOINT WARNING * * *
You feel yourself speed up. Tof's ghost hits you!!
Ouch! That really hurt!
You die...

# ## ####################
.#####..................####
#.........############.....#
.#####.##.#
##.#######.....######
.......##.#
#.#.@W...............
#####..##.#
##.#######.....##.###
#..##.# #.# ### #.....##.#
#..##.# #.###.####..####.#
#..##.# #.##.#.###W.# #.#
#####.....# #.#.###.....#
#.# ..........#
#.##.#!###..# #.#
#####...#.####.###.## #..##
#.# ..).>...#......# #.#
#...###.#


You could see tof's ghost.

Vanquished Creatures
  A worm (D:2)
  A dart slug (D:1)
  A leopard gecko (D:2)
  An orc (D:3)
  2 ball pythons (D:1)
  12 bats
  2 giant cockroaches (D:3)
  2 goblins (D:1)
  2 hobgoblins
  3 jackals (D:1)
  3 kobolds
  4 frilled lizards
  3 rats
37 creatures vanquished.

Notes
Turn   | Place    | Note
-------+----------+-------------------------------------------
     0 | D:1      | Kidiri the Deep Elf Fire Elementalist began the quest for the Orb.
     0 | D:1      | Reached XP level 1. HP: 10/10 MP: 6/6
   111 | D:1      | Reached XP level 2. HP: 7/15 MP: 3/8
   115 | D:1      | Learned a level 2 spell: Throw Flame
   897 | D:2      | Upgraded the game from 0.22-a0-113-gdd6f4a9 to 0.22-a0-126-g307c7c3
   932 | D:2      | Reached skill level 4 in Spellcasting
   933 | D:2      | Reached XP level 3. HP: 19/19 MP: 4/10
   938 | D:2      | Learned a level 3 spell: Conjure Flame
   942 | D:2      | Learned a level 3 spell: Inner Flame
  2122 | D:3      | Noticed Grinder
  2396 | D:3      | Noticed tof's ghost (amateur MiFi)
  2637 | D:3      | Demolished by tof's ghost

Vault maps used:
D:1:      minmay_arrival_hallway
D:2:      kennysheep_generic_room_14
D:3:      marbit_many_paths, first_ration, led_sif_pool, uniq_grinder

Skill      XL: |  1  2  3 |
---------------+----------+-----
Spellcasting   | 4 |  4.3
Conjurations   | 2 |  2.0
Dodging        | |  2.4
Stealth        | |  2.4
Fire Magic     | |  3.7

Action                   || total
-------------------------++-------
Melee: Unarmed           ||     1
       Dagger            ||    14
 Cast: Flame Tongue      ||    57
       Throw Flame       ||     3
       Conjure Flame     ||     1
  Use: Scroll            ||     6
       Potion            ||     2
 Stab: Sleeping          ||     3
  Eat: Ration            ||     1
       Chunk             ||     1
Armor: Robe              ||    15
Dodge: Dodged            ||    53

Table legend:
 A = Spawn XP
 B = Non-spawn XP
 C = Spawn XP percentage of total XP
 D = Spawn monster count
 E = Non-spawn monster count
 F = Spawn count percentage of total count
 G = Total turns spent on level
                    A         B        C        D         E        F      G
               +---------+---------+-------+---------+---------+-------+---------
         Total |       0 |      67 |   0.0 |       0 |      37 |   0.0 |  2637
               +---------+---------+-------+---------+---------+-------+---------
           D:1 |       0 |      34 |   0.0 |       0 |      19 |   0.0 |  1076
           D:2 |       0 |      20 |   0.0 |       0 |      11 |   0.0 |   800
           D:3 |       0 |      13 |   0.0 |       0 |       7 |   0.0 |   761
               +---------+---------+-------+---------+---------+-------+---------
